Unix NetHack Version 3.7.0-97 Work-in-progress - last build Feb 8 2024 15:05:57 (6d6cdf8371b60126770a3d7b88910941cb14a054,branch:master). Game began 2024-02-10 21:37:09, ended 2024-02-11 12:10:02. playerb, lawful female dwarven Valkyrie ------------ |........... -------- ...........| #@......| |..........| ###|.......# |....).....| # |......|# | |>.........+ ....c...### ......\...| -------.---- |......|# ---------- ## -......|# # ----.---# # #### #[## # ## # # # # ------|----- ### --|----- ## ----------- |`.........-#####|......| # |.......... |..........|#####.......| # |....%....| |...........## #|......| ###|.........| |..........|# -------- #..........| |...........# ----------- ------------ Playerb the Woman-at-arms St:18 Dx:14 Co:17 In:7 Wi:11 Ch:8 Lawful S:35961 Dlvl:14 $:624 HP:0(101) Pw:18(18) AC:-4 Xp:10/6661 T:13538 Latest messages: You are being crushed. Valkyrie needs food, badly! You kill the carnivorous ape! The rock troll hits! The rock troll hits! The rock troll misses! The rock troll hits! The rock troll hits! The rock troll misses! Pick an object. What do you want to eat? [rEMO or ?*] M This food really hits the spot! You stop eating the food ration. You hit the Woodland-elf! The Woodland-elf hurls a potion of paralysis! The phial crashes on your head and breaks into shards. The potion of paralysis evaporates. Something seems to be holding you. The Woodland-elf thrusts her elven short sword. The Woodland-elf hits! You can move again. You hit the Woodland-elf! The Woodland-elf thrusts her elven short sword. The Woodland-elf hits! You hit the Woodland-elf! You hit the Woodland-elf! The Woodland-elf thrusts her elven short sword. The Woodland-elf just misses! You kill the Woodland-elf! There are several objects here. n - an elven dagger (3 in total). P - a pair of mud boots. The pyrolisk attacks you with a fiery gaze! Pick an object. What do you want to use or apply? [dfhklosvwKY or ?*] f You put a scroll called ~identify into the bag called ~bag of holding. You put 2 potions of extra healing into the bag called ~bag of holding. You put a potion of paralysis into the bag called ~bag of holding. The pyrolisk attacks you with a fiery gaze! Your apron smoulders! Your lamp called ~magic lamp catches light! The pyrolisk attacks you with a fiery gaze! The pyrolisk attacks you with a fiery gaze! The pyrolisk attacks you with a fiery gaze! You die... Do you want your possessions identified? [ynq] (y) y Do you want to see your attributes? [ynq] (y) y Do you want an account of creatures vanquished? [ynaq] (y) y Do you want to see your conduct and achievements? [ynq] (y) y Do you want to see the dungeon overview? [ynq] (y) y Inventory: Coins $ - 624 gold pieces Amulets T - an uncursed amulet of ESP named !c (being worn) Weapons A - a blessed +1 dagger (weapon in right hand) b - 7 +0 daggers (at the ready) J - a +1 dwarvish spear B - a +1 elven dagger n - 3 +0 elven daggers x - a +0 elven spear H - 4 +0 orcish daggers Armor L - an uncursed +1 dwarvish iron helm (being worn) P - an uncursed +0 pair of elven boots i - a blessed +0 pair of iron shoes (being worn) c - an uncursed burnt +3 small shield (being worn) Z - an uncursed burnt +0 alchemy smock with text "Rat: T?e other write me?t" (being worn) I - an uncursed +0 mummy wrapping g - a blessed +1 elven mithril-coat named !c (being worn) Comestibles O - an uncursed carrot M - an uncursed partly eaten food ration r - an uncursed egg E - an uncursed lizard corpse Potions S - an uncursed potion of healing Wands o - a wand of cold (0:5) v - a wand of cold (0:3) s - a wand of digging (0:3) K - a wand of fire (0:7) Y - a wand of light (0:12) Tools f - an uncursed bag of holding containing 14 items l - an uncursed magic lamp (lit) w - an uncursed magic whistle h - an uncursed skeleton key d - an uncursed towel k - a +0 unicorn horn Contents of the bag of holding: 7893 gold pieces 2 uncursed C-rations an uncursed K-ration an uncursed lembas wafer 3 uncursed tripe rations 2 uncursed lizard corpses an uncursed lizard corpse an uncursed scroll of identify a cursed scroll of identify 2 uncursed potions of extra healing an uncursed potion of healing a cursed potion of paralysis an uncursed jasper stone an uncursed worthless piece of orange glass Playerb the Valkyrie's attributes: Background: You were a Woman-at-arms, a level 10 dwarven Valkyrie. You were lawful, on a mission for Tyr who was opposed by Odin (neutral) and Loki (chaotic). You were right-handed. You were in the Dungeons of Doom, on level 14. You entered the dungeon 13538 turns ago. There was a new moon in effect when your adventure ended. You had 6661 experience points, 3339 more were needed to attain level 11. Your score was 35961 before end-of-game adjustments. Basics: You had 0 out of 101 hit points. You had all 18 energy points (spell power). Your armor class was -4. Your wallet contained 624 zorkmids, and you had 7893 more stashed away in your pack. Autopickup was off. Final Characteristics: Your strength was 18 (limit:18/100). Your dexterity was 14 (limit:20). Your constitution was 17 (peak:18, limit:20). Your intelligence was 7 (limit:16). Your wisdom was 11 (limit:16). Your charisma was 8 (limit:16). Final Status: You weren't hungry. You were unencumbered. You were wielding a dagger. You had expert skill with dagger. Final Attributes: You were piously aligned. You were cold resistant. You were poison resistant. You were acid resistant. Your items were protected from acid. You saw invisible. You were telepathic. You had infravision. You were invisible to others. You were stealthy. You were guarded. You were fast. You are dead. Miscellaneous: You encountered 1 bones level. Total elapsed playing time was 4 hours, 30 minutes and 14 seconds. Major events: Turn 1: playerb the lawful dwarven Valkyrie entered the dungeon 1042: entered the Gnomish Mines 1083: attained the rank of Skirmisher (level 3) 1857: reached Mine Town 4018: attained the rank of Fighter (level 6) 6346: entered Sokoban 6958: completed 1st Sokoban level 7870: completed 2nd Sokoban level 8382: completed 3rd Sokoban level 9588: completed 4th Sokoban level 10864: acquired the Sokoban bag of holding 11212: attained the rank of Woman-at-arms (level 10) 13538: killed by a pyrolisk Vanquished creatures: a ghost 2 giant mimics an ogre tyrant an elven monarch a large mimic 3 stalkers an earth elemental a giant zombie a warg 3 small mimics a glass piercer a warhorse 2 xans an ogre leader a quantum mechanic 4 trolls a gelatinous cube a freezing sphere a flaming sphere 2 shocking spheres 2 gargoyles 2 leocrottas an elf mummy a red naga a python a wraith a carnivorous ape 3 Grey-elves a soldier a watchman a chameleon 4 giant beetles 2 cockatrices a wolf a winter wolf cub a lynx a gremlin a spotted jelly 5 leprechauns 2 scorpions a horse an ice vortex a black light a rust monster 3 owlbears 3 gold golems 2 werewolves 5 lizards 3 dogs 4 housecats 2 jaguars a dwarf leader 2 gray unicorns a black unicorn 3 dust vortices 2 plains centaurs a snake 2 human zombies 3 Woodland-elves 4 soldier ants 2 bugbears a quasit 2 wood nymphs 4 rock piercers 2 rock moles 5 ponies a fog cloud 4 yellow lights a violet fungus 8 gnome leaders 2 gnomish wizards a black naga hatchling a ghoul 2 paper golems 2 giant ants 5 floating eyes 3 kittens 3 dwarves 2 homunculi a kobold leader 5 rothes a giant bat a monkey a dwarf zombie 2 wererats 3 werejackals 7 iguanas 14 killer bees 2 acid blobs a hobbit a large kobold 6 hobgoblins 4 giant rats 5 cave spiders 2 brown molds a green mold 2 red molds 25 gnomes 4 garter snakes 8 geckos 9 jackals a fox 2 kobolds 5 goblins a sewer rat 5 grid bugs 3 bats 6 lichens 2 kobold zombies 6 newts 295 creatures vanquished. No species were genocided or became extinct. Voluntary challenges: You read items or engraved 21 times. You engraved Elbereth 4 times. You never genocided any monsters. You never polymorphed an object. You used no wishes. You did not violate any of the special Sokoban rules. Achievements: You entered a shop. You entered the Gnomish Mines. You attained the rank of Skirmisher. You entered Minetown. You entered a temple. You attained the rank of Fighter. You entered Sokoban. You completed Sokoban. You attained the rank of Woman-at-arms. The Dungeons of Doom: levels 1 to 16 Level 1: A grave. Level 2: Level 3: Many fountains. Stairs down to The Gnomish Mines. Level 4: "tools shop" A shop. Level 5: Some fountains. Level 6: Level 7: "stash above" A fountain. Level 8: Many fountains. Oracle of Delphi. Final resting place for wispofvapor-Wiz-Hum-Fem-Neu, killed by a rothe. Level 9: "coal uni" A delicatessen. Stairs up to Sokoban, level 8. Level 10: Some fountains, a grave. Level 11: "junk chest (with spellbook)" A fountain, a sink, a grave. Level 12: A grave. Level 13: A fountain. Level 14: <- You were here. A throne. Final resting place for you, killed by a pyrolisk. Level 15: A fountain, a grave. Summoned by the Norn. Portal to The Quest. Level 16: A primitive area. The Gnomish Mines: levels 4 to 7 Level 4: Level 5: Level 6: A temple and an altar, many fountains. Level 7: The Quest: Level 1: A fountain. Home. Sokoban: levels 8 up to 5 Level 5: Solved. Level 6: Solved. Level 7: Solved. Level 8: "stash" Solved. Game over: ---------- / \ / REST \ / IN \ / PEACE \ / \ | playerb | | 8517 Au | | killed by a | | pyrolisk | | | | | | 2024 | *| * * * | * _________)/\\_//(\/(/\)/\//\/|_)_______ Farvel playerb the Valkyrie... You died in The Dungeons of Doom on dungeon level 14 with 35110 points, and 8517 pieces of gold, after 13538 moves. You were level 10 with a maximum of 101 hit points when you died.